 Dungeon Crawl Stone Soup version 0.30.0-30-g96aa6591b8 (webtiles) character file.

Game seed: 4059884882655929770

15 H0rd4k the Charlatan (level 2, 0/18 HPs)
             Began as an Octopode Artificer on June 30, 2023.
             Slain by an endoplasm (3 damage)
             ... on level 1 of the Dungeon.
             The game lasted 00:00:23 (400 turns).

H0rd4k the Charlatan (Octopode Artificer)            Turns: 400, Time: 00:00:24

Health: 0/18       AC:  1    Str: 11    XL:     2   Next: 50%
Magic:  2/2        EV: 13    Int: 13    God:
Gold:   15         SH:  0    Dex: 12    Spells: 1/1 levels left

rFire   . . .        (no weapon)
rCold   . . .        (no shield)
rNeg    . . .        (helmet restricted)
rPois   .            (no amulet)
rElec   .            (no ring)
rCorr   .            (no ring)
SInv    .            (no ring)
Will    .....        (no ring)
Stlth   +++          (no ring)
HPRegen 0.23/turn    (no ring)
MPRegen 0.08/turn    (no ring)
                     (no ring)

%: no passive effects
@: no status effects
A: almost no armour, amphibious, 8 rings, camouflage 1, gelatinous body 1,
(nimble swimmer 1), tentacles
a: no special abilities


You were on level 1 of the Dungeon.
You visited 1 branch of the dungeon, and saw 1 of its levels.

You collected 15 gold pieces.

Inventory:

Wands
 b - a wand of flame (15) (quivered)
 c - a wand of charming (15)
 d - a wand of iceblast (5)
Scrolls
 e - a scroll of acquirement {unknown}
Potions
 a - a potion of haste {unknown}
 f - a potion of heal wounds {unknown}


   Skills:
 + Level 1.0 Fighting
 + Level 2.7 Dodging
 + Level 1.5 Stealth
 + Level 3.8 Evocations


You had one spell level left.
You didn't know any spells.
Your spell library was empty.

Dungeon Overview and Level Annotations

Branches:
Dungeon (1/15)

Altars:


Innate Abilities, Weirdness & Mutations

You cannot wear most types of armour.
You are amphibious.
You can wear up to eight rings at the same time.
Your skin changes colour to match your surroundings (Stealth+).
Your rubbery body absorbs attacks. (AC +1, EV +1)
((You are camouflaged when in or above water. (Stealth+)))
You have tentacles for arms and can constrict up to eight enemies at once.


Message History

No target in view!
An endoplasm comes into view.
An endoplasm is nearby!
An endoplasm is nearby!
An endoplasm is nearby!
A goblin, a kobold and a dart slug come into view.
Found 4 gold pieces.
The goblin shouts!
The kobold shouts!
The dart slug launches a dart at you. The slug dart hits you.
The endoplasm quivers.
The endoplasm hits you. The endoplasm hits you.
A kobold breaks down the door.
You tentacle-slap the goblin but do no damage.
Your grab misses the goblin. The endoplasm freezes you.
You are frozen.
The goblin hits you but does no damage.
Found 9 gold pieces.
The goblin hits you with a +0 dagger.
You are too injured to fight recklessly!
You are too injured to fight recklessly!
You are too injured to fight recklessly!
You are too injured to fight recklessly!
You are too injured to fight recklessly!
You closely miss the kobold. You grab the kobold.
You constrict the kobold, but do no damage.
The endoplasm barely misses you. The kobold hits you but does no damage.
The goblin closely misses you.
You are too injured to fight recklessly!
You release your grip on the kobold.
A goblin comes into view. It is wielding a +0 club.
The endoplasm closely misses you. The endoplasm attacks as you move away!
The endoplasm barely misses you. The endoplasm completely misses you.
The goblin misses you. The goblin hits you with a +0 dagger.
The kobold attacks as you move away! The kobold hits you with a +0 dagger.
* * * LOW HITPOINT WARNING * * *
The goblin attacks as you move away! The goblin hits you with a +0 dagger.
* * * LOW HITPOINT WARNING * * *
The endoplasm attacks as you move away! The endoplasm hits you.
You die...

... #.#.... ......##.#
....... #.#....
........#.##..... ..
#.#.... .................
. #.#....
..............[..
#.#.###..
........#$......#
#.#.#####
.....#..#.#.###.#
#......>.
#.......K.....######.#####
#....gJ@# #.#(..........
#.....#####.#.##.##.....
#................#..###.
#.#...#####.#.##........
#$'...# #.....##.#..##..
###...# ###.#.##.#......
....## ###.#.##....####
.....# ##...#.......####
......+ ..#.#..####.#...


You could see an endoplasm, a goblin and a kobold.

Vanquished Creatures
  4 endoplasms (D:1)
  A goblin (D:1)
  2 hobgoblins (D:1)
  A quokka (D:1)
  A ball python (D:1)
  3 bats (D:1)
  2 rats (D:1)
14 creatures vanquished.

Notes
Turn   | Place    | Note
-------+----------+-------------------------------------------
     0 | D:1      | H0rd4k the Octopode Artificer began the quest for the Orb.
     0 | D:1      | Reached XP level 1. HP: 13/13 MP: 1/1
   197 | D:1      | Reached XP level 2. HP: 12/18 MP: 2/2
   400 | D:1      | Slain by an endoplasm

Illustrated notes

Levels and vault maps discovered:
D:1:      dpeg_arrival_shelter, layout_basic, minmay_tetromino_o4

Action                     || total
---------------------------++-------
  Melee: Unarmed           ||    39
         Constrict         ||    11
         Tentacles         ||    11
   Stab: Sleeping          ||     5
 Armour: Skin              ||     8
  Dodge: Dodged            ||    25
